 Dungeon Crawl Stone Soup version 0.21-a0-263-gf26e180 (webtiles) character file.

7518 JackS81 the Martial Artist (level 11, 0/135 HPs)
             Began as a Naga Transmuter on Sept 8, 2017.
             Was a Believer of Okawaru.
             Slain by a sun demon (19 damage)
             ... summoned by an orc high priest
             ... in a bailey on Sept 9, 2017.
             The game lasted 01:05:25 (11375 turns).

JackS81 the Martial Artist (Naga Transmuter)       Turns: 11375, Time: 01:05:26

Health: 0/135      AC: 26    Str: 12    XL:     11   Next: 16%
Magic:  19/19      EV:  1    Int: 17    God:    Okawaru [**....]
Gold:   548        SH:  0    Dex: 12    Spells: 8/20 levels left

rFire    . . .     SeeInvis +     - Unarmed
rCold    . . .     Gourm    .   (no shield)
rNeg     + + +     Faith    .   (armour currently unavailable)
rPois    +         Spirit   .   (helmet currently unavailable)
rElec    .         Reflect  .   (cloak currently unavailable)
rCorr    .         Harm     .   (gloves currently unavailable)
MR       ++...     NoTele   +   (no barding)
Stlth    +.........             K - amulet of regeneration
HPRegen  0.72/turn              w - ring of protection from magic
MPRegen  0.16/turn              r - +1 ring of protection

@: confused, tree-form, very slightly contaminated
A: see invisible, slow metabolism 1, spit poison 1, AC +3
a: Spit Poison, Heroism, Renounce Religion


You were in a bailey.
You worshipped Okawaru.
Okawaru was pleased with you.
You were not hungry.
You were a tree.
You visited 2 branches of the dungeon, and saw 11 of its levels.
You also visited: Bailey.

You collected 548 gold pieces.

Inventory:

Hand Weapons
 k - a +0 hunting sling
Missiles
 a - 283 arrows
 g - 66 poisoned needles
 i - 229 stones (quivered)
Armour
 b - a +0 robe
 F - a +2 robe of positive energy (melded)
 I - a +2 shield
 L - a +2 robe of positive energy
Jewellery
 l - a cursed -3 ring of dexterity {unknown}
 r - a +1 ring of protection (right branch)
 w - a ring of protection from magic (left branch)
 K - an amulet of regeneration (around neck)
Wands
 C - a wand of acid (4/15)
 H - a wand of disintegration (15/24)
 N - a wand of lightning (7/15)
 P - a wand of acid (6/15)
 Q - a wand of lightning (7/15)
Scrolls
 e - 4 scrolls of teleportation
 j - a scroll of identify
 o - 2 scrolls of enchant armour
 s - 3 scrolls of recharging
 y - 2 scrolls of blinking
 D - 3 scrolls of remove curse
 E - a scroll of fog
Potions
 d - 2 potions of brilliance {unknown}
 h - 2 potions of lignification
 m - 4 potions of ambrosia
 n - 3 potions of flight {unknown}
 p - 2 potions of curing {unknown}
 t - 3 potions of heal wounds {unknown}
 u - a potion of resistance {unknown}
 v - a potion of magic {unknown}
 z - 5 potions of degeneration
 G - 2 potions of agility {unknown}
Books
 c - a book of Changes

   Spells                             Type                      Level
   a - Beastly Appendage              Transmutation                1
   b - Sticks to Snakes               Transmutation                2
   c - Spider Form                    Transmutation/Poison         3
   d - Ice Form                       Ice/Transmutation            4
   e - Blade Hands                    Transmutation                5
 x - the Tome of Dusty Displacement
   (You found it on level 4 of the Dungeon)

   Spells                             Type                      Level
   a - Passage of Golubria            Translocation                4
   b - Iron Shot                      Conjuration/Earth            6
   c - Shatter                        Earth                        9
 O - a book of Necromancy

   Spells                             Type                      Level
   a - Pain                           Necromancy                   1
   b - Animate Skeleton               Necromancy                   1
   c - Vampiric Draining              Necromancy                   3
   d - Regeneration                   Charms/Necromancy            3
   e - Animate Dead                   Necromancy                   4
   f - Control Undead                 Necromancy                   4
Comestibles
 f - 9 meat rations
 q - 8 bread rations
 A - 4 royal jellies
 M - 14 chunks of flesh


   Skills:
 * Level 3.1 Fighting
 - Level 1.5 Dodging
 + Level 11.1 Unarmed Combat
 * Level 5.4 Spellcasting
 + Level 11.0 Transmutations
 + Level 1.1 Ice Magic
 - Level 3.2 Poison Magic


You had 8 spell levels left.
You knew the following spells:

 Your Spells              Type           Power        Failure   Level  Hunger
b - Spider Form           Tmut/Pois      ####......   2%          3    ##.....
c - Blade Hands           Tmut           #####.....   4%          5    ######.
d - Ice Form              Ice/Tmut       ####....     11%         4    ####...


Dungeon Overview and Level Annotations

Branches:
Dungeon (10/15)            Temple (1/1) D:4
   Lair: D:8-11         Orc: D:9-12

Altars:
Ashenzari
Cheibriados
Dithmenos
Elyvilon
Fedhas
Gozag
Hepliaklqana
Kikubaaqudgha
Makhleb
Nemelex Xobeh
Okawaru
Qazlal
Ru
Sif Muna
Trog
Uskayaw
Vehumet
Wu Jian
Xom
Yredelemnul
Zin
The Shining One

Annotations:
D:7 Akra's ghost, novice MiBe


Innate Abilities, Weirdness & Mutations

You cannot wear boots.
((Your serpentine skin is tough. (AC +3)))
You have supernaturally acute eyesight. (SInv)
((Armour fits poorly on your strangely shaped body.))
((Your system is resistant to poisons. (rPois)))
((You cover ground very slowly.))
You have a slow metabolism.
You can spit poison.


Message History

* * * LOW HITPOINT WARNING * * *
It was a potion of ambrosia.
You are confused.
You feel invigorated.
The sun demon hits you but does no damage.
The hobgoblin hits you but does no damage.
The sun demon hits you but does no damage.
The gnoll looks more healthy.
The orc sorcerer jeers loudly, as Orcs often do.
The hobgoblin hits you with an enchanted hand axe.
* * * LOW HITPOINT WARNING * * *
The sun demon hits you but does no damage.
The sun demon hits you but does no damage.
The gnoll hits you but does no damage.
The sun demon hits you but does no damage.
The gnoll hits you but does no damage. The sun demon hits you!
* * * LOW HITPOINT WARNING * * *
You are engulfed in flames!!
You die...

#≈≈≈≈≈### #≈≈≈≈≈≈.#
######.≈≈≈≈≈.#
#......≈≈≈≈≈.#++####
###......≈≈≈≈≈.#.....#
#..............'.....# ...g#
#∩..∩.........g'..⌠..# g._o#
#............go3o....# .o..#
# ###......≈≈≈≈≈♣#)....#
o3..#..
#......≈≈≈≈≈.#'3#####....#..
######.≈≈≈≈≈.#......#....#??
#≈≈≈≈≈≈.#..§.g.#....#
#≈≈≈≈≈######.go..o.# #≈≈≈≈≈#
#.8.8.8.+ #≈≈≈≈≈ #.......#
#≈≈≈≈≈ #######+#


You could see an orc high priest, a sun demon, an orc sorcerer, a gnoll and a
hobgoblin.

Vanquished Creatures
  2 two-headed ogres
  Pikel (D:8)
  A merfolk (D:9)
  The ghost of AvylaarBelgium the Magician, a novice DEFE (D:5)
  A hippogriff (D:8)
  Sigmund (D:6)
  A wyvern (D:8)
  A hungry ghost (D:7)
  A water moccasin (D:7)
  An ice beast (D:8)
  2 slaves (D:8)
  7 orc warriors
  4 ogres
  A necrophage (D:10)
  2 phantoms
  7 centaurs
  The ghost of JackS81 the Changer, an amateur MfTm (D:3)
  5 bullfrogs
  2 big kobolds (D:7)
  A wyvern zombie (D:8)
  2 scorpions (D:9)
  2 water moccasin skeletons
  9 killer bees
  A wight (D:7)
  2 howler monkeys
  A crimson imp (D:6)
  A bullfrog zombie (D:9)
  2 centaur zombies
  4 quasits
  5 orc priests
  3 jellies
  4 hounds
  A gnoll shaman (D:7)
  9 orc wizards
  A bullfrog skeleton (D:4)
  An iguana (D:8)
  6 worker ants
  14 adders
  8 gnolls
  A shadow imp (D:5)
  2 adder skeletons
  4 worms
  A dart slug (D:1)
  4 leopard geckos
  32 orcs
  2 giant cockroaches (D:7)
  8 goblins
  11 hobgoblins
  4 jackals (D:7)
  3 quokkas
  3 ball pythons
  10 bats
  3 frilled lizards
  14 kobolds
  A quokka skeleton (D:4)
  A quokka zombie (D:5)
  5 rats
228 creatures vanquished.

Vanquished Creatures (others)
  2 slaves (D:8)
  A hound zombie (D:8)
3 creatures vanquished.

Grand Total: 231 creatures vanquished

Notes
Turn   | Place    | Note
-------+----------+-------------------------------------------
     0 | D:1      | JackS81 the Naga Transmuter began the quest for the Orb.
     0 | D:1      | Reached XP level 1. HP: 18/18 MP: 3/3
   441 | D:1      | Reached XP level 2. HP: 9/25 MP: 3/5
  1273 | D:2      | Found a deep blue altar of Sif Muna.
  1559 | D:2      | Found an ornate altar of the Wu Jian Council.
  1725 | D:2      | Reached XP level 3. HP: 26/31 MP: 4/6
  2205 | D:2      | Reached XP level 4. HP: 23/38 MP: 7/7
  2449 | D:2      | Learned a level 3 spell: Spider Form
  2693 | D:2      | Found a radiant altar of Vehumet.
  2695 | D:2      | Found a sparkling altar of Nemelex Xobeh.
  3080 | D:3      | Found a deep blue altar of Sif Muna.
  3410 | D:3      | Noticed JackS81's ghost (amateur MfTm)
  3424 | D:3      | Killed JackS81's ghost
  3424 | D:3      | Reached skill level 5 in Transmutations
  3424 | D:3      | Reached XP level 5. HP: 28/44 MP: 2/8
  3603 | D:3      | Reached skill level 1 in Poison Magic
  4429 | D:4      | Reached XP level 6. HP: 24/51 MP: 9/9
  4616 | D:4      | Found a staircase to the Ecumenical Temple.
  4627 | Temple   | Entered the Ecumenical Temple
  4732 | D:4      | Learned a level 5 spell: Blade Hands
  4874 | D:4      | Identified the Tome of Dusty Displacement
  5447 | D:4      | Found a shimmering altar of Xom.
  5585 | D:4      | Reached XP level 7. HP: 51/57 MP: 7/10
  5762 | D:5      | Entered Level 5 of the Dungeon
  5807 | D:5      | Noticed AvylaarBelgium's ghost (novice DEFE)
  5823 | D:5      | Killed AvylaarBelgium's ghost
  5823 | D:5      | Reached skill level 5 in Unarmed Combat
  5823 | D:5      | Reached XP level 8. HP: 18/64 MP: 8/11
  7210 | D:6      | Noticed Sigmund
  7225 | D:6      | Killed Sigmund
  7276 | D:6      | Found a shadowy altar of Dithmenos.
  7817 | D:7      | Reached XP level 9. HP: 70/70 MP: 10/12
  8063 | D:7      | Found an opulent altar of Gozag.
  8080 | D:7      | Noticed Akra's ghost (novice MiBe)
  9017 | D:8      | Noticed Pikel
  9576 | D:8      | Killed Pikel
  9576 | D:8      | Reached skill level 10 in Unarmed Combat
  9576 | D:8      | Reached skill level 10 in Transmutations
  9576 | D:8      | Reached XP level 10. HP: 48/78 MP: 10/14
  9662 | D:8      | Learned a level 4 spell: Ice Form
  9840 | D:8      | Found a sacrificial altar of Ru.
 10202 | D:8      | Found a white marble altar of Elyvilon.
 10428 | D:9      | Found a hide-covered altar of Uskayaw.
 10836 | D:9      | Found a bloodstained altar of Trog.
 10837 | D:9      | Found an iron altar of Okawaru.
 10851 | D:9      | Became a worshipper of Warmaster Okawaru
 10873 | D:9      | Noticed a two-headed ogre
 10895 | D:9      | Killed a two-headed ogre
 10904 | D:9      | Found a stormy altar of Qazlal.
 10940 | D:9      | Reached * piety under Okawaru
 11105 | D:9      | Reached skill level 1 in Ice Magic
 11115 | D:9      | Reached XP level 11. HP: 78/87 MP: 11/18
 11213 | D:10     | Entered Level 10 of the Dungeon
 11214 | D:10     | Noticed a two-headed ogre
 11219 | D:10     | Killed a two-headed ogre
 11219 | D:10     | Reached skill level 5 in Spellcasting
 11260 | D:10     | Found a flagged portal.
 11292 | Bailey   | Entered a bailey
 11314 | Bailey   | Reached ** piety under Okawaru
 11351 | Bailey   | Found an iron altar of Okawaru.
 11351 | Bailey   | Noticed an orc sorcerer
 11351 | Bailey   | Noticed an orc high priest
 11352 | Bailey   | Noticed a sun demon
 11370 | Bailey   | HP: 5/135 [sun demon[an orc high priest] (16)]
 11375 | Bailey   | Slain by a sun demon

Vault maps used:
D:1:      elethiomel_arrival_maze
D:2:      minitemple, lemuel_crystal_altar, nicolae_overflow_hidden_temple
D:3:      led_sif_book
D:4:      lemuel_coloured_pillars_altar, minmay_temple_entry_crystal_x
D:5:      first_bread
D:6:      grunt_dithmenos_smoke, uniq_sigmund
D:7:      grunt_gozag_statues, hangedman_minor_gate_pass
D:8:      lemuel_round_altar, old_standard_altar, uniq_pikel
D:9:      grunt_temple_overflow_bloody_war, eat_drink_and_be_merry_uskayaw,
          lemuel_doored_altar, hangedman_fish_farm
D:10:     lair_entry_dummy, enter_bailey_7, uniq_maurice
Temple:   cyrus_temple_forest
Bailey:   bailey_axe_of_yendor_kennysheep, bailey

Skill      XL: |  1  2  3  4  5  6  7  8  9 10 11 |
---------------+----------------------------------+-----
Transmutations | 3 5 6 7 8 10 11 | 11.0
Poison Magic   | 1 2 3 |  3.2
Unarmed Combat | 5 7 10 11 | 11.1
Spellcasting   | 4 5 |  5.4
Fighting       | 2 3 |  3.1
Ice Magic      | 1 |  1.1
Dodging        | |  1.5

Action                   |  1- 3 |  4- 6 |  7- 9 | 10-12 || total
-------------------------+-------+-------+-------+-------++-------
Melee: Unarmed           |   118 |   173 |   346 |   169 ||   806
       Headbutt          |     8 |    16 |     3 |       ||    27
       Punch             |     1 |     2 |       |     3 ||     6
Throw: Stone             |    22 |     9 |     6 |     1 ||    38
 Cast: Beastly Appendage |    27 |    20 |     5 |     1 ||    53
       Spider Form       |       |    10 |    41 |     7 ||    58
       Blade Hands       |       |       |     4 |    15 ||    19
       Ice Form          |       |       |       |     5 ||     5
 Abil: Spit Poison       |       |     1 |     5 |       ||     6
  Use: Scroll            |       |     6 |     2 |     9 ||    17
       Potion            |       |     1 |     1 |     2 ||     4
 Stab: Sleeping          |     1 |       |       |       ||     1
       Invisible         |       |     3 |       |       ||     3
  Eat: Bread ration      |     1 |       |     1 |     1 ||     3
       Chunk             |       |     9 |    15 |     8 ||    32
Armor: Robe              |    30 |    36 |    17 |    27 ||   110
       Skin              |       |     5 |    18 |    31 ||    54
Dodge: Dodged            |    75 |   116 |   262 |   116 ||   569

Table legend:
 A = Spawn XP
 B = Non-spawn XP
 C = Spawn XP percentage of total XP
 D = Spawn monster count
 E = Non-spawn monster count
 F = Spawn count percentage of total count
 G = Total turns spent on level
                    A         B        C        D         E        F      G
               +---------+---------+-------+---------+---------+-------+---------
         Total |       0 |   10741 |   0.0 |       0 |     226 |   0.0 | 11375
               +---------+---------+-------+---------+---------+-------+---------
           D:1 |       0 |      24 |   0.0 |       0 |      15 |   0.0 |  1261
           D:2 |       0 |      79 |   0.0 |       0 |      22 |   0.0 |  1730
           D:3 |       0 |     205 |   0.0 |       0 |      17 |   0.0 |  1418
           D:4 |       0 |     329 |   0.0 |       0 |      18 |   0.0 |  1255
           D:5 |       0 |    1043 |   0.0 |       0 |      31 |   0.0 |  1377
           D:6 |       0 |     640 |   0.0 |       0 |      10 |   0.0 |   645
           D:7 |       0 |    1474 |   0.0 |       0 |      39 |   0.0 |  1279
           D:8 |       0 |    2559 |   0.0 |       0 |      30 |   0.0 |  1273
           D:9 |       0 |    3016 |   0.0 |       0 |      32 |   0.0 |   877
          D:10 |       0 |    1095 |   0.0 |       0 |       7 |   0.0 |    79
        Bailey |       0 |     277 |   0.0 |       0 |       5 |   0.0 |    83
               +---------+---------+-------+---------+---------+-------+---------
